 Dungeon Crawl Stone Soup version 0.29.1-2-gbd0b4ee654 (webtiles) character file.

Game seed: 14840737571719032919

65 xian the Ruffian (level 3, -1/26 (28) HPs)
             Began as a Draconian Transmuter on Nov 3, 2022.
             Slain by Crazy Yiuf
             ... wielding a +3 quarterstaff of chaos
              (5 damage)
             ... on level 2 of the Dungeon.
             The game lasted 00:03:53 (1462 turns).

xian the Ruffian (Draconian Transmuter)             Turns: 1462, Time: 00:03:53

HP:   -1/26 (28)    AC:  5    Str: 12    XL:     3   Next: 94%
MP:   3/6           EV: 12    Int: 15    God:
Gold: 88            SH:  0    Dex: 11    Spells: 4/7 levels left

rFire   . . .      SeeInvis .     - Unarmed
rCold   . . .      Faith    .   (no shield)
rNeg    . . .      Spirit   .   (body armour unavailable)
rPois   .          Reflect  .   (helmet currently unavailable)
rElec   .          Harm     .   (no cloak)
rCorr   .          Rampage  .   (no gloves)
Will    .....                   (boots currently unavailable)
Stlth   +.........              (no amulet)
HPRegen 0.08/turn               (no ring)
MPRegen 0.10/turn               (no ring)

@: appendages, wereblooded, drained
A: horns 2, talons 2, AC +5, unfitting armour, cold-blooded
a: End Transformation


You were on level 2 of the Dungeon.
You had temporarily grown beastly horns and talons.
You visited 1 branch of the dungeon, and saw 2 of its levels.

You collected 88 gold pieces.

Inventory:

Missiles
 h - 6 poisoned darts
Scrolls
 b - a scroll of teleportation {unknown}
 c - 2 scrolls of enchant weapon {unknown}
 e - a scroll of magic mapping {unknown}
 f - a scroll of noise {unknown}
Potions
 a - a potion of lignification
 d - a potion of heal wounds {unknown}
 g - a potion of degeneration {unknown}


   Skills:
 + Level 1.2 Fighting
 + Level 2.1 Dodging
 + Level 0.3 Stealth
 + Level 3.6 Unarmed Combat
 + Level 2.6 Spellcasting
 + Level 2.7 Transmutations


You had 4 spell levels left.
You knew the following spells:

 Your Spells              Type           Power      Damage    Failure   Level
a - Beastly Appendage     Tmut           20%        N/A       7%          1
b - Wereblood             Tmut           10%        N/A       10%         2

Your spell library contained the following spells:

 Spells                   Type           Power      Damage    Failure   Level
 Scorch                   Fire           2%         2d5       32%         2
 Spider Form              Tmut/Pois      6%         N/A       34%         3
 Ice Form                 Ice/Tmut       6%         N/A       75%         4
 Petrify                  Tmut/Erth      6%         N/A       75%         4
 Flame Wave               Conj/Fire      1%         2d4       91%         4
 Metabolic Englaciation   Hex/Ice        0%         N/A       99%         5
 Statue Form              Tmut/Erth      4%         N/A       100%        6
 Summon Cactus Giant      Summ           0%         N/A       100%        6


Dungeon Overview and Level Annotations

Branches:
Dungeon (2/15)

Altars:

Annotations:
D:2 Crazy Yiuf


Innate Abilities, Weirdness & Mutations

You have temporarily grown beastly horns and talons.
Your plain brown scales are hard. (AC +5)
You cannot fit into any form of body armour.
You are cold-blooded and may be slowed by cold attacks.


Message History

The goblin barely misses you.
You closely miss the goblin. You claw the goblin.
You kill the goblin!
You see here a +0 dagger.
Your transformation is almost over.
A kobold comes into view. It is wielding a +0 whip.
The kobold shouts!
Your horns disappear.
Your talons disappear.
The kobold throws a stone.
The stone misses you.
You grow a pair of large bovine horns.
Your feet morph into talons.
The kobold barely misses you.
You hit the kobold.
You kill the kobold!
Things that are here:
a +0 whip; 3 stones Your transformation is almost over.
Your horns disappear.
Your talons disappear.
Found a hammer.
Found a runed translucent door.
Crazy Yiuf shouts!
You grow a pair of large bovine horns.
Your feet morph into talons.
Crazy Yiuf whimpers, "East cower turtle!"
Casting: Beastly Appendage (safe; 7% risk of failure)
Confirm with . or Enter, or press ? or * to list all spells.
Your blood is infused with primal strength.
Unknown command.
You open the door.
Crazy Yiuf drinks a potion.
Crazy Yiuf seems to speed up.
Crazy Yiuf hits you with a +3 quarterstaff of chaos.
You feel drained.
Crazy Yiuf yells, "Shower canine high!"
Crazy Yiuf hits you with a +3 quarterstaff of chaos!
There is an open translucent door here.
You hit Crazy Yiuf. You tail-slap Crazy Yiuf.
Crazy Yiuf is moderately wounded.
Crazy Yiuf barely misses you.
You barely miss Crazy Yiuf.
Crazy Yiuf is moderately wounded.
Crazy Yiuf hits you with a +3 quarterstaff of chaos!
* * * LOW HITPOINT WARNING * * *
Crazy Yiuf freezes you.
You die...

####### #### ###.#...###
#...##..#......##
#..g@.####......# #)..###
##..#..# #### ####..# #.##
# #.# # ############.# #
####............# ####
#######.............###
...###.........##......###


You could see Crazy Yiuf (fast).

Vanquished Creatures
  2 adders (D:2)
  2 dart slugs
  3 endoplasms
  3 goblins
  4 hobgoblins (D:1)
  2 jackals (D:1)
  3 quokkas
  2 ball pythons (D:1)
  7 bats (D:1)
  4 frilled lizards
  6 kobolds
  3 rats (D:1)
41 creatures vanquished.

Notes
Turn   | Place    | Note
-------+----------+-------------------------------------------
     0 | D:1      | xian the Draconian Transmuter began the quest for the Orb.
     0 | D:1      | Reached XP level 1. HP: 16/16 MP: 3/3
   214 | D:1      | Reached XP level 2. HP: 23/23 MP: 3/5
   878 | D:1      | Reached XP level 3. HP: 28/28 MP: 4/6
  1183 | D:1      | Learned a level 2 spell: Wereblood
  1453 | D:2      | Found a runed translucent door.
  1454 | D:2      | Noticed Crazy Yiuf
  1462 | D:2      | Slain by Crazy Yiuf

Illustrated notes

Levels and vault maps discovered:
D:1:      lemuel_arrival_broad_hall, layout_basic, interstate_on_off
D:2:      minmay_recursive_quarters, layout_rooms,
          shapermc_ecumenical_altar_mp_vishouse, serial_glass, glass_columns_a,
          glass_columns_a, st_stairs_7, minmay_misc_feat_hallway,
          uniq_crazy_yiuf_cottage

Skill      XL: |  1  2 |
---------------+-------+-----
Dodging        | 2 |  2.1
Fighting       | |  1.2
Stealth        | |  0.3
Unarmed Combat | |  3.6
Spellcasting   | |  2.6
Transmutations | |  2.7

Action                   || total
-------------------------++-------
Melee: Unarmed           ||   118
       Headbutt          ||    13
       Kick              ||    16
       Tailslap          ||     6
       Punch             ||     2
 Cast: Beastly Appendage ||    20
       Wereblood         ||     1
Armor: Skin              ||    48
Dodge: Dodged            ||    90
